 Dungeon Crawl Stone Soup version 0.32-a0-391-gce5c0aab1b (webtiles) character file.

Game seed: 18239850661803768630

17 Aldia the Cudgeller (level 2, -1/26 HPs)
             Began as a Gnoll Reaver on Feb 20, 2024.
             Slain by a kobold
             ... wielding a +0 short sword
              (3 damage)
             ... on level 1 of the Dungeon.
             The game lasted 00:00:30 (381 turns).

Aldia the Cudgeller (Gnoll Reaver)                   Turns: 381, Time: 00:00:31

Health: -1/26      AC:  3    Str: 11    XL:     2   Next: 62%
Magic:  7/7        EV: 12    Int: 12    God:
Gold:   17         SH:  0    Dex: 10    Spells: 9/10 levels left

rFire   . . .        a - +0 mace
rCold   . . .        (no shield)
rNeg    . . .        b - +0 leather armour
rPois   .            (no helmet)
rElec   .            (no cloak)
rCorr   .            (no gloves)
SInv    .            (no boots)
Will    .....        (no amulet)
Stlth   +            (no ring)
HPRegen 0.24/turn    (no ring)
MPRegen 0.10/turn

%: no passive effects
@: no status effects
A: fangs 1, strong nose, distributed training
a: no special abilities


You were on level 1 of the Dungeon.
You visited 1 branch of the dungeon, and saw 1 of its levels.

You collected 17 gold pieces.

Inventory:

Hand Weapons
 a - a +0 mace (weapon)
Armour
 b - a +0 leather armour (worn)
 c - a +0 scale mail


   Skills:
 + Level 4.5 Fighting
 + Level 0.5 Short Blades
 + Level 0.5 Long Blades
 + Level 0.5 Axes
 + Level 6.5 Maces & Flails
 + Level 0.5 Polearms
 + Level 0.5 Staves
 + Level 0.5 Ranged Weapons
 + Level 0.5 Throwing
 + Level 0.5 Armour
 + Level 4.5 Dodging
 + Level 0.5 Stealth
 + Level 0.5 Shields
 + Level 0.5 Unarmed Combat
 + Level 4.9 Spellcasting
 + Level 5.3 Conjurations
 + Level 0.3 Hexes
 + Level 0.3 Summonings
 + Level 0.3 Necromancy
 + Level 0.3 Translocations
 + Level 0.3 Fire Magic
 + Level 0.3 Ice Magic
 + Level 0.3 Air Magic
 + Level 0.3 Earth Magic
 + Level 0.3 Alchemy
 + Level 0.6 Invocations
 + Level 0.5 Evocations
 + Level 0.4 Shapeshifting


You had 9 spell levels left.
You knew the following spells:

 Your Spells              Type           Power      Damage    Failure   Level
a - Kiss of Death         Conj/Necr      36%        2d8       9%          1

Your spell library contained the following spells:

 Spells                   Type           Power      Damage    Failure   Level
 Momentum Strike          Conj/Tloc      18%        3d8       12%         2
 Hailstorm                Conj/Ice       9%         3d6       24%         3


Dungeon Overview and Level Annotations

Branches:
Dungeon (1/15)

Altars:


Innate Abilities, Weirdness & Mutations

You have very sharp teeth.
Your uncanny sense of smell can sniff out nearby items.
Your experience applies equally to all skills.


Message History

You barely miss the kobold.
The kobold is heavily wounded.
The kobold hits you with a +0 dagger. The kobold barely misses you.
The kobold closely misses you.
You barely miss the kobold.
The kobold is heavily wounded.
A quokka comes into view.
The kobold hits you with a +0 dagger. The kobold closely misses you.
The endoplasm freezes you.
You are frozen.
You completely miss the kobold.
The kobold is heavily wounded.
The kobold hits you but does no damage. The endoplasm freezes you.
You are frozen.
The kobold closely misses you.
You hit the kobold.
You kill the kobold!
The kobold hits you but does no damage. The endoplasm misses you.
You completely miss the kobold. The kobold barely misses you.
The endoplasm freezes you.
You are frozen.
The frilled lizard barely misses you.
You are too injured to fight recklessly!
You are too injured to fight recklessly!
You are too injured to fight recklessly!
You hit the endoplasm but do no damage. The kobold misses you.
The endoplasm freezes you.
You are frozen.
The frilled lizard closely misses you.
You sock the endoplasm!
You kill the endoplasm!
The kobold hits you but does no damage. The frilled lizard bites you.
You closely miss the kobold. Your bite misses the kobold. The quokka bites you.
* * * LOW HITPOINT WARNING * * *
The kobold barely misses you.
The frilled lizard bites you but does no damage.
The quokka bites you.
* * * LOW HITPOINT WARNING * * *
Unknown command.
You barely miss the kobold.
The kobold hits you with a +0 short sword.
You die...

#.# #.# # . ###### #.#.#
.. .)...# #.#.# ...
.>...# #.#.#....
.....###########.....?.
.....'...........K.##...
.....##.........@l......
####.######......r.....#
####.#####..............
#.....##.....####..(...#
#.#####...#...## ..#....
#.# #...###...# ..#....
#.# #...# #...# ... ...
#.# ##..#####..###.#. ..
..# #...........#


You could see a quokka, a kobold and a frilled lizard.

Vanquished Creatures
  An endoplasm (D:1)
  2 goblins (D:1)
  2 kobolds (D:1)
  A ball python (D:1)
  3 bats (D:1)
  A frilled lizard (D:1)
10 creatures vanquished.

Notes
Turn   | Place    | Note
-------+----------+-------------------------------------------
     0 | D:1      | Aldia the Gnoll Reaver began the quest for the Orb.
     0 | D:1      | Reached XP level 1. HP: 20/20 MP: 6/6
   105 | D:1      | Reached XP level 2. HP: 24/25 MP: 7/7
   118 | D:1      | Found a faded altar of an unknown god.
   381 | D:1      | Slain by a kobold

Illustrated notes

Levels and vault maps discovered:
D:1:      dpeg_arrival_arbitrary_c, layout_basic,
          shapermc_ecumenical_altar_totnotflames

Action                     || total
---------------------------++-------
  Melee: Mace              ||    33
         Bite              ||     2
   Cast: Kiss of Death     ||     1
 Armour: Leather armour    ||    27
  Dodge: Dodged            ||    32

Table legend: (Time is in decaauts)
 A = Elapsed time spent in this place.
 B = Non-inter-level travel time spent in this place.
 C = Inter-level travel time spent in this place.
 D = Time resting spent in this place.
 E = Time spent auto-exploring this place.
 F = Levels seen in this place.
 G = Mean time per level.
                   A        B        C        D        E       F      G
               +--------+--------+--------+--------+--------+-----+--------+
         Total |    383 |    383 |      0 |      0 |    313 |   1 |  383.0 |
       Dungeon |    383 |    383 |      0 |      0 |    313 |   1 |  383.0 |
               +--------+--------+--------+--------+--------+-----+--------+

Top non-repeatable levels by time:
     D:1: 383 daAuts
